 Dungeon Crawl Stone Soup version 0.28-a0-422-gd71735cc25 (webtiles) character file.

Game seed: 6262332041352792003

265 lunkers the Magician (level 6, -3/46 HPs)
             Began as a Djinni Earth Elementalist on Sept 7, 2021.
             Slain by an orc warrior (24 damage)
             ... on level 4 of the Dungeon on Sept 8, 2021.
             The game lasted 00:06:08 (3638 turns).

lunkers the Magician (Djinni Earth Elementalist)    Turns: 3638, Time: 00:06:09

Health: -3/46      AC:  3    Str: 13    XL:     6   Next: 44%
Gold:   127        EV: 11    Int: 19    God:
                   SH:  3    Dex: 13

rFire   + + .      SeeInvis .   j - +2 dagger (drain)
rCold   x . .      Faith    .   p - +0 buckler
rNeg    . . .      Spirit   .   b - +0 robe
rPois   ∞          Reflect  .   l - +1 hat
rElec   .          Harm     .   (no cloak)
rCorr   .          Rampage  .   (no gloves)
Will    .....                   (boots unavailable)
Stlth   ++........              (no amulet)
HPRegen 0.15/turn               h - +6 ring of strength
MPRegen 0.00/turn               (no ring)

@: flying
A: sickness immunity, fire resistance 2, cold vulnerability 1, float, innate
caster, hp casting, extra vitality 1
a: no special abilities


You were on level 4 of the Dungeon.
You visited 1 branch of the dungeon, and saw 4 of its levels.

You collected 127 gold pieces.

Inventory:

Hand Weapons
 j - a +2 dagger of draining (weapon)
Missiles
 c - 88 stones
Armour
 b - a +0 robe (worn)
 l - a +1 hat (worn)
 p - a +0 buckler (worn)
Magical Staves
 a - a staff of poison
Jewellery
 h - a +6 ring of strength (left hand)
Scrolls
 d - 3 scrolls of enchant weapon {unknown}
 e - 2 scrolls of teleportation {unknown}
 f - a scroll of amnesia {unknown}
 k - a scroll of fear {unknown}
 n - 2 scrolls of identify {unknown}
Potions
 g - a potion of might
 i - a potion of lignification {unknown}
 m - a potion of brilliance {unknown}
 o - a potion of heal wounds {unknown}


   Skills:
 + Level 3.1 Fighting
 - Level 2.1 Dodging
 - Level 1.5 Stealth
 + Level 0.5 Shields
 * Level 4.4 Spellcasting


You couldn't memorise any spells.
You knew the following spells:

 Your Spells              Type           Power      Damage    Failure   Level
a - Stone Arrow           Conj/Erth      42%        3d9       10%         3
b - Passwall              Tmut/Erth      17%        N/A       4%          2
c - Sandblast             Erth           42%        2d11      3%          1
d - Petrify               Tmut/Erth      21%        N/A       32%         4
e - Foxfire               Conj/Fire      84%        2x1d8     3%          1
f - Ensorcelled Hibernat  Hex/Ice        42%        N/A       4%          2
Your spell library was empty.

Dungeon Overview and Level Annotations

Branches:
Dungeon (4/15)
 Temple: D:4-7

Altars:
Sif Muna

Shops:
D:2 *


Innate Abilities, Weirdness & Mutations

You are immune to sickness and miasma.
You are immune to poison.
Your flesh is very heat resistant. (rF++)
You are vulnerable to cold. (rC-)
You float through the air rather than walking.
You learn spells naturally, not from books.
Your magical power is your life essence.
You have superior vitality. (+4 HP)


Message History

The ball python hisses angrily.
A ball python is nearby!
A ball python is nearby!
Casting: Stone Arrow (dangerous; 10% risk of failure)
Confirm with . or Enter, or press ? or * to list all spells.
The stone arrow hits the ball python!
You kill the ball python!
No target in view!
No target in view!
An orc warrior is nearby!
Found 21 arrows.
A gnoll comes into view. It is wielding a +0 club.
There are monsters nearby!
Casting: Stone Arrow (dangerous; 10% risk of failure)
Confirm with . or Enter, or press ? or * to list all spells.
The stone arrow hits the orc warrior!
The orc warrior is heavily wounded.
The orc warrior shouts!
The gnoll shouts!
A gnoll comes into view. It is wielding a +0 flail.
There are monsters nearby!
Casting: Stone Arrow (dangerous; 10% risk of failure)
Confirm with . or Enter, or press ? or * to list all spells.
The stone arrow hits the orc warrior!
The orc warrior is severely wounded.
The gnoll shouts!
A gnoll comes into view. It is wielding a +0 spear.
The orc warrior hits you from afar with a +0 halberd!
* * * LOW HITPOINT WARNING * * *
A gnoll comes into view. It is wielding a +0 whip.
Casting: Stone Arrow (dangerous; 10% risk of failure)
Confirm with . or Enter, or press ? or * to list all spells.
Aiming: Stone Arrow (dangerous; 10% risk of failure)
Press: ? - help, Shift-Dir - straight line, f/p - orc warrior
Aim: an orc warrior, wielding a +0 halberd and wearing a +0 chain mail (severely wounded, 68% to hit)
The stone arrow misses the orc warrior.
The gnoll shouts! x2
* * * LOW HITPOINT WARNING * * *
The orc warrior hits you from afar with a +0 halberd!!
Ouch! That really hurt!
You die...

#..(....#
+.......# .
#.......# g.
#.......#
.gg#.......#
.....o.....#####
................
.......@.....#
###.......##.#
#######.# .#
#.##.##.#
#.....#.#.......
#.###.#.#......
.. #.....#.....
######.##.##....#
#......##.##....#


You could see an orc warrior and 3 gnolls.

Vanquished Creatures
  A necrophage (D:3)
  Terence (D:3)
  3 orc wizards
  An adder (D:3)
  An ufetubus (D:3)
  A dart slug (D:2)
  5 orcs
  5 ball pythons
  5 endoplasms
  2 giant cockroaches (D:2)
  3 goblins
  8 hobgoblins
  3 jackals (D:2)
  5 kobolds
  2 quokkas (D:1)
  3 bats
  2 frilled lizards (D:1)
  6 rats
57 creatures vanquished.

Notes
Turn   | Place    | Note
-------+----------+-------------------------------------------
     0 | D:1      | lunkers the Djinni Earth Elementalist began the quest for
                  | the Orb.
     0 | D:1      | Reached XP level 1. HP: 15/15 MP: 0/0
   272 | D:1      | Reached XP level 2. HP: 15/22 MP: 0/0
   703 | D:1      | Reached skill level 1 in Fighting
   774 | D:1      | Found a faded altar of an unknown god.
  1157 | D:2      | Reached XP level 3. HP: 27/27 MP: 0/0
  1157 | D:2      | Learned a level 1 spell: Foxfire
  1236 | D:2      | Reached skill level 3 in Spellcasting
  1426 | D:2      | Found Ygusk's Assorted Antiques.
  1720 | D:2      | HP: 1/27 [orc wizard/magic dart (7)]
  1727 | D:2      | Reached XP level 4. HP: 2/33 MP: 0/0
  2234 | D:2      | Reached XP level 5. HP: 29/38 MP: 0/0
  2234 | D:2      | Learned a level 2 spell: Ensorcelled Hibernation
  2499 | D:3      | Noticed Terence
  2507 | D:3      | Killed Terence
  2641 | D:3      | Noticed a necrophage
  2645 | D:3      | Killed a necrophage
  2646 | D:3      | Reached skill level 4 in Spellcasting
  2646 | D:3      | Reached XP level 6. HP: 39/45 MP: 0/0
  2646 | D:3      | Upgraded the game from 0.28-a0-413-gde365fb1df to
                  | 0.28-a0-422-gd71735cc25
  3329 | D:4      | Noticed an orc warrior
  3638 | D:4      | Slain by an orc warrior

Illustrated notes

Levels and vault maps discovered:
D:1:      lightli_arrival_isolated_outpost, layout_loops_ring,
          shapermc_ecumenical_altar_mp_vishouse
D:2:      layout_rooms, serial_shops, nicolae_shop_stone, basic_altar
D:3:      layout_loops_ring, uniq_terence
D:4:      layout_basic

Skill      XL: |  1  2  3  4  5  6 |
---------------+-------------------+-----
Fighting       | 1 2 3 |  3.1
Spellcasting   | 3 4 |  4.4
Dodging        | |  2.1
Stealth        | |  1.5
Shields        | |  0.5

Action                   |  1- 3 |  4- 6 || total
-------------------------+-------+-------++-------
Melee: Dagger            |    45 |    29 ||    74
 Cast: Sandblast         |    29 |     2 ||    31
       Stone Arrow       |       |    22 ||    22
  Use: Potion            |     2 |       ||     2
 Stab: Sleeping          |     2 |       ||     2
Armor: Robe              |    15 |    11 ||    26
Dodge: Dodged            |    24 |    26 ||    50

Table legend: (Time is in decaauts)
 A = Elapsed time spent in this place.
 B = Non-inter-level travel time spent in this place.
 C = Inter-level travel time spent in this place.
 D = Time resting spent in this place.
 E = Time spent auto-exploring this place.
 F = Levels seen in this place.
 G = Mean time per level.
                   A        B        C        D        E       F      G
               +--------+--------+--------+--------+--------+-----+--------+
         Total |   3641 |   3483 |    158 |    645 |   2416 |   4 |  910.2 |
       Dungeon |   3641 |   3483 |    158 |    645 |   2416 |   4 |  910.2 |
               +--------+--------+--------+--------+--------+-----+--------+

Top non-repeatable levels by time:
     D:3: 1169 daAuts
     D:2: 1154 daAuts
     D:1: 1138 daAuts
     D:4: 179 daAuts
